[Event "43rd Guernsey Festival 2017"]
[Site "Vale"]
[Date "2017.10.19"]
[Round "5"]
[White "Purdon, Colin"]
[Black "Campbell, Ian"]
[Result "1/2-1/2"]
[ECO "A40"]
[WhiteElo "2047"]
[BlackElo "1990"]
[Annotator "NA"]
[PlyCount "65"]
[EventDate "2017.??.??"]
[EventType "swiss"]
[EventCountry "GCI"]
[SourceTitle "playchess.com"]
[Source "ChessBase"]
[SourceQuality "1"]
[TimeControl "40/6000+30:2400+30"]

1. d4 g6 2. c4 Bg7 3. Nf3 d6 4. Nc3 c5 5. d5 Nf6 6. e4 Bg4 7. Be2 O-O 8. Be3 {[%emt 0:01:40] E91: King's Indian: Classical: 6 Be2, unusual replies including 6...c5 and 6...Bg4} (8. Ng5 Bxe2 9. Qxe2 Re8 10. O-O h6 11. Nf3 e6 12. Qd3 exd5 13. exd5 Nbd7 14. Bf4 Qb6 15. h3 a6 {½-½ (28) Medvegy,Z (2534)-Cicak,S (2509) Germany 2017}) 8... a6 9. O-O Nbd7 10. h3 Bxf3 11. Bxf3 Qc7 12. Be2 e5 $146 (12... Rae8 $14) ({Predecessor:} 12... Ne8 13. Rc1 Be5 14. f4 Bxc3 15. Rxc3 Nef6 16. Bf3 b5 17. e5 Ne8 18. e6 {1-0 (57) Snoek,A (1923)-Dlugolecki,G (2062) ICCF email 2010}) 13. dxe6 (13. Bd3 $16) 13... fxe6 14. Qd2 Ne5 15. Rad1 Rad8 16. f4 Nc6 17. a3 Qe7 18. Bf3 Kh8 19. Qf2 Nd7 20. Rd2 (20. Qd2 $11 {keeps the balance.}) 20... Nd4 (20... Nb6 $17 21. e5 Nxc4 22. exd6 Rxd6 23. Rxd6 Nxe3 24. Rxc6 Bd4 25. Rxe6 (25. Re1 $2 Nf5 $19) 25... Qxe6) 21. Rfd1 Nb6 (21... Nb8 $15) 22. Bxd4 cxd4 23. Rxd4 Rxf4 {[%emt 0:05:53] [#]} 24. c5 $1 Nc8 25. R4d3 Rff8 26. cxd6 Rxd6 27. Rxd6 Nxd6 28. Qc5 $11 Rd8 29. e5 Nf5 30. Qxe7 Rxd1+ 31. Nxd1 Nxe7 32. Bxb7 a5 33. Ne3 1/2-1/2

[Event "43rd Guernsey Festival 2017"]
[Site "Vale"]
[Date "2017.10.19"]
[Round "5"]
[White "Bowmer, Kevin"]
[Black "Prins, Jan"]
[Result "1-0"]
[ECO "B19"]
[WhiteElo "2041"]
[BlackElo "2025"]
[Annotator "NA RC"]
[PlyCount "151"]
[EventDate "2017.??.??"]
[EventType "swiss"]
[EventCountry "GCI"]
[SourceTitle "playchess.com"]
[Source "ChessBase"]
[SourceQuality "1"]
[TimeControl "40/6000+30:2400+30"]

1. e4 c6 2. d4 d5 3. Nd2 dxe4 4. Nxe4 Bf5 5. Ng3 Bg6 6. h4 h6 7. Nf3 Nd7 8. h5 Bh7 9. Bd3 Bxd3 10. Qxd3 e6 11. Bd2 Ngf6 12. O-O-O Bd6 13. Ne4 Nxe4 14. Qxe4 Nf6 {[%emt 0:00:34] B19: Classical Caro-Kann: 4...Bf5 main line} 15. Qe2 b5 (15... Bc7 16. Kb1 Qd5 17. c4 Qe4+ 18. Qxe4 Nxe4 19. Be1 O-O-O 20. Kc2 Rhe8 21. Ne5 f6 22. Ng6 {½-½ (32) Kovalev,V (2640)-Shimanov,A (2646) Saint Louis 2017}) 16. Ne5 Bxe5 (16... Qc7 $14) 17. dxe5 Nd5 18. Qg4 $146 ({Predecessor:} 18. f4 a5 19. Qg4 O-O 20. Rde1 Qd7 21. Qf3 b4 22. g4 {0-1 (33) Mishev,P-Kukov,A (2052) Borovetz 2003}) 18... Qc7 19. Qxg7 O-O-O 20. Qg3 ({Avoid the trap} 20. Bxh6 $2 Rdg8 $19) 20... Rdg8 21. Qf3 Kb8 22. Qe4 c5 23. a4 ({White should play} 23. c3 $16) 23... a6 24. Rh3 b4 25. b3 Rc8 26. Rh4 a5 27. Re1 Qc6 28. Rg4 Qd7 29. Qd3 Rc7 30. Kb2 Qc6 31. Qe4 Qd7 32. Qd3 Kb7 33. g3 Qc6 34. Re2 Rd7 35. Qe4 Ne7 36. Qxc6+ Kxc6 37. Rf4 Nd5 38. Rf3 Nb6 39. Be3 c4 40. c3 (40. Re1 $16) 40... bxc3+ 41. Kxc3 Rd3+ 42. Kc2 Rxb3 43. Rxf7 Nd5 44. Bc1 Rhb8 45. Rd2 {[%emt 0:00:00] [#]} ({Better is} 45. Rf6 $15) 45... Rc3+ $2 (45... R8b4 $1 $19 46. Kd1 Rxa4) 46. Kd1 Rb1 47. Rc2 Rd3+ 48. Ke2 Nc3+ $1 49. Rxc3 $1 Rxc3 50. Bxh6 Rc2+ 51. Kf3 Rh1 52. g4 Re1 $2 (52... c3 $11) 53. g5 Rxe5 $2 (53... Rf1 54. Kg2 Rcc1) 54. g6 Rc3+ 55. Kg2 Rxh5 56. g7 Rxh6 57. g8=Q Rch3 58. Qc8+ Kd5 59. Rd7+ Ke5 60. Qc5+ Kf6 61. Qd4+ e5 62. Rd6+ Kf5 63. Qc5 Rh2+ 64. Kf3 R2h3+ {[%emt 0:06:20] [#]} 65. Ke2 $1 Rxd6 66. Qxd6 Rd3 67. Qc5 Rd4 68. Qxa5 Re4+ 69. Kd2 Kf4 70. Qc3 Rd4+ 71. Kc2 Ke4 72. a5 $18 Kd5 73. a6 Rf4 74. Qe3 Rf8 75. a7 Kc6 76. a8=Q+ {[%emt 0:00:18] Kd5} 1-0

[Event "43rd Guernsey Festival 2017"]
[Site "Vale"]
[Date "2017.10.19"]
[Round "5"]
[White "Goman, Martin J"]
[Black "Dennis, Nigel W"]
[Result "0-1"]
[ECO "B08"]
[WhiteElo "2001"]
[BlackElo "1785"]
[Annotator "NA RC"]
[PlyCount "22"]
[EventDate "2017.??.??"]
[EventType "swiss"]
[EventCountry "GCI"]
[SourceTitle "playchess.com"]
[Source "ChessBase"]
[SourceQuality "1"]
[TimeControl "40/6000+30:2400+30"]

1. d4 Nf6 2. Nf3 g6 3. Nc3 Bg7 4. e4 d6 5. Be3 O-O 6. h3 e5 7. dxe5 dxe5 8. Bd3 Nc6 9. a3 a6 10. Qd2 b5 11. Bh6 Bb7 $11 0-1

[Event "43rd Guernsey Festival 2017"]
[Site "Vale"]
[Date "2017.10.19"]
[Round "5"]
[White "Fassaert, Desire"]
[Black "Hamperl, Fred"]
[Result "1/2-1/2"]
[ECO "A25"]
[WhiteElo "1923"]
[BlackElo "2062"]
[Annotator "NA RC"]
[PlyCount "62"]
[EventDate "2017.??.??"]
[EventType "swiss"]
[EventCountry "GCI"]
[SourceTitle "playchess.com"]
[Source "ChessBase"]
[SourceQuality "1"]
[TimeControl "40/6000+30:2400+30"]

1. c4 e5 2. Nc3 Nc6 3. g3 f5 4. Bg2 Nf6 5. e3 Be7 6. Nge2 O-O 7. O-O Qe8 8. d4 d6 9. b3 Bd7 {[%emt 0:10:34] A21: English Opening: 1...e5 2 Nc3} (9... Qh5 10. f4 e4 11. a3 Bd7 12. d5 Nd8 13. Nd4 Qf7 14. Bb2 h6 15. Rc1 Ne8 16. h3 Kh7 17. Kh2 {½-½ (85) Jahr,D (2036)-Ljubarskij,J (2341) Davos 2006}) 10. Bb2 a6 11. Qd2 $146 ({Predecessor:} 11. dxe5 dxe5 12. Nd5 Rc8 13. Nec3 Bd6 14. Nxf6+ Rxf6 15. Qe2 Rh6 16. Rad1 Qf8 17. c5 Bxc5 18. Rxd7 {1-0 (73) Wisckol,R-Skidmore,J Flint 1993}) 11... Qh5 {[%emt 0:10:08] [#]} ({Black should try} 11... Bd8 $14) 12. Nd5 $1 Bd8 ({But not} 12... Ng4 $2 13. h3 $18) 13. Rad1 (13. Nxf6+ $142 Bxf6 14. dxe5 Nxe5 15. Bxe5 (15. Bxb7 Nf3+ 16. Bxf3 Qxf3 $16) 15... Bxe5 16. Bxb7) 13... e4 ({Avoid the trap} 13... Ng4 $2 14. h3 $18) 14. Nef4 Qh6 15. Nxf6+ Qxf6 16. f3 exf3 17. Bxf3 Qh6 18. Rde1 Rb8 19. Qc3 Re8 20. Nd5 Ne7 21. Bg2 Nxd5 22. Bxd5+ Kh8 23. Bg2 b5 24. c5 b4 25. Qd2 Bg5 26. Bc1 (26. c6 $5 Bc8 27. d5 $14) 26... dxc5 27. dxc5 Rbd8 (27... Red8 $11) 28. Qxb4 Bxe3+ $2 (28... Qe6 $16 {is more resistant.}) 29. Bxe3 Rxe3 30. Qf4 Qxf4 31. gxf4 Ree8 $14 1/2-1/2

[Event "43rd Guernsey Festival 2017"]
[Site "Vale"]
[Date "2017.10.19"]
[Round "5"]
[White "Turner, Joseph David"]
[Black "Baart, Edwin"]
[Result "1/2-1/2"]
[ECO "A06"]
[WhiteElo "1888"]
[BlackElo "1816"]
[Annotator "NA RC"]
[PlyCount "72"]
[EventDate "2017.??.??"]
[EventType "swiss"]
[EventCountry "GCI"]
[SourceTitle "playchess.com"]
[Source "ChessBase"]
[SourceQuality "1"]
[TimeControl "40/6000+30:2400+30"]

1. Nf3 d5 2. g3 Nf6 3. Bg2 g6 4. O-O Bg7 5. d3 O-O 6. Nbd2 Nbd7 7. e4 dxe4 8. dxe4 e5 9. Qe2 Re8 {[%emt 0:01:37] A49: 1 d4 Nf6 2 Nf3 g6 3 g3: Anti-King's Indian systems} (9... c6 10. a4 Qc7 11. Nc4 a5 12. b3 Re8 13. Ba3 Bf8 14. Bxf8 Rxf8 15. Rfd1 b6 16. Qe3 Ba6 17. Bf1 {½-½ (77) Piesik,P (2298)-Shevchenko,K (2438) Katowice 2016}) 10. Rd1 c6 11. Nc4 Qc7 12. Ng5 $146 ({Predecessor:} 12. Nd6 Re6 13. Nxc8 Rxc8 14. Bg5 h6 15. Bxf6 Bxf6 16. Bh3 Re7 17. Qd2 Kg7 18. Bxd7 Rd8 19. Qe3 Rexd7 20. Rxd7 Qxd7 21. Qxa7 {1-0 (35) Karlik,V (2320)-Svoboda,S (2125) Prievidza 1998}) 12... Nb6 (12... h6 $11 13. Nxf7 Kxf7 14. Nd6+ Kg8) 13. Nd6 Rf8 14. Be3 Ne8 {[%emt 0:09:44] [#]} (14... Bg4 $14 15. f3 Bd7) 15. Ngxf7 $1 Nxd6 16. Nxd6 Be6 {[%emt 0:00:06] [#]} 17. c4 $1 Rad8 18. c5 Nd7 19. b4 Nf6 20. h3 Ne8 21. Nxe8 Rfxe8 22. Qc2 Qc8 23. Kh2 Rxd1 24. Rxd1 Rd8 25. Rxd8+ Qxd8 26. Bf1 Kf8 27. a4 a6 28. Bc4 Qd7 29. h4 Bf6 30. Qb3 Bxc4 31. Qxc4 Qg4 32. Bh6+ Ke7 $2 (32... Bg7) 33. Be3 $11 (33. Qg8 $18 Bxh4 34. Bf8+ Kd7 35. Qxh7+ (35. gxh4 Qxh4+ 36. Kg1 Qg4+ 37. Kf1 Qd1+ 38. Kg2 Qg4+ 39. Kf1 Qd1+ 40. Kg2 Qg4+ 41. Kf1 $11) 35... Ke8 36. Bd6 (36. gxh4 Qf4+ 37. Kh3 Qf3+ 38. Kh2 Qxf2+ 39. Kh1 Qe1+ 40. Kg2 Qxe4+ 41. Kg3 Qd3+ 42. Kg4 Kxf8 $11)) 33... Bxh4 34. gxh4 Qxh4+ 35. Kg2 Qg4+ 36. Kh1 Qh3+ 1/2-1/2

[Event "43rd Guernsey Festival 2017"]
[Site "Vale"]
[Date "2017.10.19"]
[Round "5"]
[White "Bateman, Kerry"]
[Black "Ruigrok, Jacques"]
[Result "1/2-1/2"]
[ECO "C55"]
[WhiteElo "1764"]
[BlackElo "1679"]
[Annotator "NA RC"]
[PlyCount "100"]
[EventDate "2017.??.??"]
[EventType "swiss"]
[EventCountry "GCI"]
[SourceTitle "playchess.com"]
[Source "ChessBase"]
[SourceQuality "1"]
[TimeControl "40/6000+30:2400+30"]

1. e4 e5 2. Nf3 Nc6 3. Bc4 Nf6 4. d3 Be7 5. O-O d6 6. Be3 Bg4 7. h3 Bxf3 8. Qxf3 Na5 9. Bb3 Nxb3 10. axb3 a6 11. Nc3 O-O 12. g4 h6 13. Qg2 g5 14. Ne2 d5 15. Rad1 c6 16. Ng3 Kh7 17. Nf5 Rg8 18. f3 Ne8 19. Qf2 d4 20. Bc1 Ng7 21. Ng3 Ne6 22. Kg2 Nf4+ 23. Bxf4 gxf4 24. Nf5 Rg6 25. Rh1 Qd7 26. Rdg1 Rag8 27. Kf1 Qd8 28. Qd2 Bf8 29. Ke2 Qb6 30. Ra1 Bb4 31. c3 dxc3 32. bxc3 Bd6 33. Rhc1 Rd8 34. b4 Rgg8 35. Rc2 Rd7 36. Rb2 Rgd8 37. Qe1 Be7 38. Rd2 Bf8 39. Qh4 Rd6 40. Rad1 Rg6 41. d4 Rd7 42. Qf2 Qb5+ 43. Ke1 Qc4 44. Rc2 exd4 45. Rxd4 Rxd4 46. Nxd4 c5 47. bxc5 Bxc5 48. Qe2 Qa4 49. Nf5 Qa1+ 50. Qd1 Qxd1+ 1/2-1/2

[Event "43rd Guernsey Festival 2017"]
[Site "Vale"]
[Date "2017.10.19"]
[Round "5"]
[White "Goris-Schouwstra, Adry"]
[Black "Foran, Barry"]
[Result "1-0"]
[ECO "D04"]
[WhiteElo "1754"]
[BlackElo "1636"]
[Annotator "NA RC"]
[PlyCount "23"]
[EventDate "2017.??.??"]
[EventType "swiss"]
[EventCountry "GCI"]
[SourceTitle "playchess.com"]
[Source "ChessBase"]
[SourceQuality "1"]
[TimeControl "40/6000+30:2400+30"]

1. d4 d5 2. Nf3 Nf6 3. e3 Bg4 4. Be2 e6 5. Nbd2 Be7 6. h3 Bf5 7. O-O O-O 8. c4 Nbd7 9. a3 c5 10. cxd5 exd5 11. dxc5 Bxc5 12. b4 1-0

[Event "43rd Guernsey Festival 2017"]
[Site "Vale"]
[Date "2017.10.19"]
[Round "5"]
[White "Kershaw, Graham"]
[Black "Hoogakker, Peter"]
[Result "1/2-1/2"]
[ECO "B00"]
[WhiteElo "1712"]
[BlackElo "1769"]
[Annotator "NA RC"]
[PlyCount "76"]
[EventDate "2017.??.??"]
[EventType "swiss"]
[EventCountry "GCI"]
[SourceTitle "playchess.com"]
[Source "ChessBase"]
[SourceQuality "1"]
[TimeControl "40/6000+30:2400+30"]

1. e4 d6 2. d4 Nf6 3. Nd2 e5 4. d5 c6 5. c4 Nbd7 6. h3 Qa5 7. Ngf3 Nxe4 8. a3 cxd5 9. b4 Qb6 10. c5 dxc5 11. Nxe4 dxe4 12. Ng5 Be7 13. Nxe4 cxb4 14. Be3 Qg6 15. Qd5 O-O 16. Bd3 Qc6 17. Qa2 Nf6 18. Rc1 Qa4 19. Rc7 b3 20. Qb1 Nxe4 21. Rxe7 Qa5+ 22. Kf1 Qxa3 23. Rxe5 Nf6 24. Bc5 Qa2 25. Bxf8 Qxb1+ 26. Bxb1 Kxf8 27. Ra5 Be6 28. Bd3 Nd5 29. Ke1 b6 30. Ra3 Nb4 31. Be4 Bd5 32. Bxd5 Nxd5 33. Rxb3 a5 34. Kd2 Rd8 35. Kc2 Nb4+ 36. Kc3 b5 37. Rf1 Rd3+ 38. Kb2 Rd2+ 1/2-1/2

[Event "43rd Guernsey Festival 2017"]
[Site "Vale"]
[Date "2017.10.19"]
[Round "5"]
[White "Finch, Russell"]
[Black "Glover, John"]
[Result "1/2-1/2"]
[ECO "A57"]
[WhiteElo "1689"]
[BlackElo "1765"]
[Annotator "NA RC"]
[PlyCount "99"]
[EventDate "2017.??.??"]
[EventType "swiss"]
[EventCountry "GCI"]
[SourceTitle "playchess.com"]
[Source "ChessBase"]
[SourceQuality "1"]
[TimeControl "40/6000+30:2400+30"]

1. d4 Nf6 2. c4 c5 3. d5 b5 4. a4 b4 5. g3 g6 6. Bg2 d6 7. b3 Bg7 8. Bb2 a5 9. Nd2 O-O 10. Qc2 Ra7 11. Ngf3 Nbd7 12. O-O Re8 13. Rfe1 Nf8 14. e4 e5 15. Nh4 Nh5 16. Bf3 Nf6 17. Qd1 h6 18. Nf1 N6h7 19. Bg4 Nf6 20. Bxc8 Qxc8 21. Qf3 Qg4 22. Qxg4 Nxg4 23. f3 Nf6 24. Ne3 Kh7 25. Bc1 Nh5 26. Ra2 Bf6 27. Nhg2 Bd8 28. Ng4 g5 29. N2e3 Ng7 30. Kg2 f6 31. Rh1 Rf7 32. h4 h5 33. hxg5 Kg6 34. Nf5 Nxf5 35. exf5+ Kxf5 36. Nh6+ Kg6 37. Nxf7 Kxf7 38. Rxh5 fxg5 39. Re2 Kg6 40. g4 Bf6 41. Kg3 Re7 42. Kf2 Rh7 43. Rxh7 Nxh7 44. Kg3 Nf8 45. Rh2 Nh7 46. Rh5 Nf8 47. Kf2 Nh7 48. Ke3 Nf8 49. Ke4 Nh7 50. Rxh7 1/2-1/2

[Event "43rd Guernsey Festival 2017"]
[Site "Vale"]
[Date "2017.10.20"]
[Round "6"]
[White "Hoogland, Dirk"]
[Black "Bowmer, Kevin"]
[Result "1-0"]
[ECO "A36"]
[WhiteElo "2098"]
[BlackElo "2041"]
[Annotator "NA RC"]
[PlyCount "82"]
[EventDate "2017.??.??"]
[EventType "swiss"]
[EventCountry "GCI"]
[SourceTitle "playchess.com"]
[Source "ChessBase"]
[SourceQuality "1"]
[TimeControl "40/6000+30:2400+30"]

1. c4 g6 2. g3 Bg7 3. Nc3 c5 4. Bg2 Nc6 5. e4 d6 6. Nge2 e5 7. O-O Nge7 8. d3 O-O 9. a3 a6 10. Rb1 Rb8 11. b4 {[%emt 0:06:56] LiveBook: 11 Games} cxb4 12. axb4 b5 13. cxb5 axb5 14. Be3 Nd4 15. Qd2 Be6 16. f4 Qd7 17. Bf2 Nxe2+ 18. Nxe2 Rfc8 19. Rfc1 Ra8 20. Rxc8+ Rxc8 21. Rc1 Rxc1+ 22. Qxc1 Qc6 23. Qb1 Qc7 24. fxe5 dxe5 25. Bc5 Bh6 26. Qa1 Bf8 27. Nc3 Nc8 28. Qa3 Qd7 29. Nd5 Bxd5 30. exd5 Bd6 31. Qa8 Kg7 32. Qa6 Kf8 33. Qa1 f6 34. Qa6 Kf7 35. d4 exd4 36. Bxd4 Be7 37. Bc5 Bd6 $2 {[%emt 0:01:06] [#]} (37... Bxc5+ $11 {and Black stays safe.} 38. bxc5 Qg4) 38. Qa8 $2 (38. Bf1 $1 $16) 38... Qc7 39. Qa3 Qe7 40. Qc1 Kg7 41. Bh3 $11 Bc7 1-0

[Event "43rd Guernsey Festival 2017"]
[Site "Vale"]
[Date "2017.10.20"]
[Round "6"]
[White "Reijneveld, Ad"]
[Black "Kozlowski, Thierry"]
[Result "1-0"]
[ECO "B31"]
[WhiteElo "2078"]
[BlackElo "2002"]
[Annotator "NA RC"]
[PlyCount "81"]
[EventDate "2017.??.??"]
[EventType "swiss"]
[EventCountry "GCI"]
[SourceTitle "playchess.com"]
[Source "ChessBase"]
[SourceQuality "1"]
[TimeControl "40/6000+30:2400+30"]

1. e4 c5 2. Nf3 Nc6 3. Bb5 g6 4. O-O Bg7 5. c3 Qb6 6. a4 {[%emt 0:02:32] B31: Sicilian: 2...Nc6 3 Bb5 g6} Nf6 7. e5 Nd5 8. d4 cxd4 9. cxd4 {[%emt 0:00:18] LiveBook: 4 Games} O-O 10. Nc3 Nxc3 $1 11. bxc3 a6 $146 ({Predecessor:} 11... d6 12. exd6 exd6 13. Ba3 Na5 14. Ng5 h6 {1-0 (31) Smirin,I (2590)-Schmittdiel,E (2450) Wijk aan Zee 1993}) 12. Bc4 d6 13. exd6 exd6 14. Bf4 Ne7 15. Re1 d5 16. Ba2 Be6 17. Qd2 Rfc8 ({Better is} 17... Rac8 $14) 18. Ng5 Rc6 (18... Re8 $16 {was worth a try.}) 19. Rab1 Qa7 20. Rb3 (20. Nxe6 $18 {and White stays clearly on top.} fxe6 21. Bg5) 20... b6 21. Nxe6 fxe6 22. Bb1 Rf8 23. Bd3 Nf5 24. h3 a5 25. Bh2 Qf7 26. Reb1 Nxd4 27. cxd4 Bxd4 28. Bg3 e5 29. Kh2 Rf6 30. f3 Qd7 31. Rb5 Rxf3 (31... Rd6 $142 32. Re1 Qe6) 32. gxf3 Rxf3 33. Rf1 Be3 34. Qe2 Rxf1 35. Qxf1 e4 36. Rxd5 Qe7 37. Bc4 Kg7 38. Be5+ Kh6 39. Bf4+ Bxf4+ 40. Qxf4+ Kg7 41. Qe5+ $18 1-0

[Event "43rd Guernsey Festival 2017"]
[Site "Vale"]
[Date "2017.10.20"]
[Round "6"]
[White "Hamperl, Fred"]
[Black "Sielicki, Tomasz"]
[Result "1-0"]
[ECO "C44"]
[WhiteElo "2062"]
[BlackElo "1997"]
[Annotator "NA RC"]
[PlyCount "101"]
[EventDate "2017.??.??"]
[EventType "swiss"]
[EventCountry "GCI"]
[SourceTitle "playchess.com"]
[Source "ChessBase"]
[SourceQuality "1"]
[TimeControl "40/6000+30:2400+30"]

1. e4 e5 2. Nf3 Nc6 3. d4 exd4 4. Nxd4 Nf6 5. Nxc6 bxc6 6. Bd3 d5 7. exd5 cxd5 8. O-O Be7 9. c4 O-O 10. cxd5 {[%emt 0:05:00] C45: Scotch Game} (10. Nc3 Bb7 11. Qb3 Ba6 12. Nxd5 Nxd5 13. cxd5 Rb8 14. Qc2 Bxd3 15. Qxd3 Bf6 16. Bf4 Rb4 17. Qf3 Bxb2 {½-½ (49) Mrazik,L (2508)-Frey Beckman,K (2700) ICCF email 2004}) 10... Bb7 11. Nc3 Nxd5 12. Bd2 $146 ({Predecessor:} 12. Qh5 g6 13. Qh3 Nxc3 14. bxc3 Qc8 15. Qg3 Bd6 16. Bf4 Rd8 17. Rfd1 Qe6 18. Bf1 Bd5 19. Bxd6 Rxd6 20. c4 Bxc4 21. Rxd6 cxd6 22. Bxc4 Qxc4 23. Qxd6 {½-½ (23) Ivanov,S (2329)-Dokutchaev,A (2414) Finland 2016}) 12... Nb4 13. Be4 Bxe4 14. Nxe4 Rb8 15. Bc3 f5 16. Ng3 g6 17. Qe2 Rf7 (17... Bf6 $14) 18. Rfd1 Qc8 {[%emt 0:03:13] [#]} 19. Qc4 (19. a3 $1 $16 Na6 20. Rd2) 19... Rb6 ({Black should try} 19... c5 $14) 20. a3 Rc6 $2 (20... Nc6 $16 21. Re1 Bf8) 21. Qb5 Rb6 22. Qa4 Na6 23. Rd5 Bf6 (23... c5 $14) 24. Re1 (24. Rad1 $18 Rd6 25. Bxf6 (25. Rxd6 cxd6 26. Rxd6 Bxc3 $16) 25... Rfxf6 26. Ne2) 24... Re6 25. Red1 Qb7 $2 (25... Qe8 $16 26. Qb3 Bg5) 26. Bxf6 Rexf6 27. Rd8+ Kg7 28. R1d7 $2 (28. Qf4 $1 $18 {[%cal Rf4g5] is the precise move to win.} Re7 {[#]} 29. Nh5+ $1 gxh5 30. Qg5+ Rg6 31. Qxe7+ Kh6 32. Qe3+ Rg5 33. R8d6+ $1 cxd6 34. Rxd6+ Kg7 35. Qxg5+ Kf8 36. Qf6+ Qf7 37. Rd8#) 28... Qb6 29. Rxf7+ Rxf7 30. Rd7 (30. b4 $16) 30... Qe6 ({Black should play} 30... Nb8 $14 31. Rxf7+ Kxf7) 31. Qd4+ Qf6 32. Rxf7+ Kxf7 33. Qxa7 Qc6 (33... Qd6 $16) 34. Qd4 Qe6 35. h3 c5 36. Qc3 c4 37. Nf1 ({Resist} 37. Qh8 $6 h5 $18) 37... Nc5 38. Ne3 Na4 (38... Ne4 {might work better.} 39. Qxc4 Qxc4 40. Nxc4 Ke6) 39. Qb4 Nb6 40. a4 f4 41. Ng4 h5 42. Ne5+ Qxe5 43. Qxb6 Kg7 $2 (43... g5 44. Qb4 Kg6) 44. a5 f3 45. a6 fxg2 46. Qb7+ Kh6 47. a7 c3 48. bxc3 Qxc3 49. a8=Q Qe1+ 50. Kxg2 Qe5 51. Qf3 1-0

[Event "43rd Guernsey Festival 2017"]
[Site "Vale"]
[Date "2017.10.20"]
[Round "6"]
[White "Kirby, Peter J"]
[Black "Curtis, John E"]
[Result "1/2-1/2"]
[ECO "D14"]
[WhiteElo "1996"]
[BlackElo "2093"]
[Annotator "NA RC"]
[PlyCount "23"]
[EventDate "2017.??.??"]
[EventType "swiss"]
[EventCountry "GCI"]
[SourceTitle "playchess.com"]
[Source "ChessBase"]
[SourceQuality "1"]
[TimeControl "40/6000+30:2400+30"]

1. d4 d5 2. c4 c6 3. cxd5 cxd5 4. Nf3 Nc6 5. Nc3 Nf6 6. Bf4 Bf5 7. e3 e6 8. Bd3 Bxd3 9. Qxd3 Bd6 10. Bxd6 $11 Qxd6 11. O-O O-O 12. Rac1 1/2-1/2

[Event "43rd Guernsey Festival 2017"]
[Site "Vale"]
[Date "2017.10.20"]
[Round "6"]
[White "Sedgwick, David"]
[Black "Dilleigh, Stephen P"]
[Result "1-0"]
[ECO "C01"]
[WhiteElo "1972"]
[BlackElo "2063"]
[Annotator "NA RC"]
[PlyCount "41"]
[EventDate "2017.??.??"]
[EventType "swiss"]
[EventCountry "GCI"]
[SourceTitle "playchess.com"]
[Source "ChessBase"]
[SourceQuality "1"]
[TimeControl "40/6000+30:2400+30"]

1. e4 e6 2. d4 d5 3. exd5 exd5 4. c4 Nf6 5. Nc3 Bb4 6. Bd3 O-O 7. Nge2 dxc4 8. Bxc4 Nbd7 {[%emt 0:01:57] LiveBook: 67 Partien C01: French: Exchange Variation} (8... Nc6 9. a3 Bd6 10. f3 Re8 11. Bg5 h6 12. Bh4 Nxd4 13. Qxd4 Bg3+ 14. Kf1 Qxd4 15. Nxd4 Bxh4 16. g3 {½-½ (59) Rakhmanov,A (2669)-Potkin,V (2574) Sochi 2017}) 9. O-O Nb6 10. Bb3 Be7 11. Ng3 c6 12. Bg5 h6 13. Be3 Nbd5 14. Nxd5 $146 ({Predecessor:} 14. Bc1 Be6 15. Re1 Bb4 16. Bd2 {½-½ (50) Barcons Gallach,A (1894)-Guerrero Berrio,B (1786) Santa Eulalia de Roncana 2016}) 14... Nxd5 15. Qf3 Be6 16. Nf5 Bg5 17. Bxd5 Bxd5 18. Qg3 Qf6 19. f4 Qxf5 20. fxg5 Qg6 21. gxh6 $11 1-0

[Event "43rd Guernsey Festival 2017"]
[Site "Vale"]
[Date "2017.10.20"]
[Round "6"]
[White "Baart, Edwin"]
[Black "Foster, Paul"]
[Result "0-1"]
[WhiteElo "1816"]
[BlackElo "1485"]
[Annotator "NA RC"]
[PlyCount "64"]
[EventDate "2017.??.??"]
[EventType "swiss"]
[EventCountry "GCI"]
[SourceTitle "playchess.com"]
[Source "ChessBase"]
[SourceQuality "1"]
[TimeControl "40/6000+30:2400+30"]

1. d4 Nf6 2. Nf3 e6 3. Bg5 Be7 4. e3 b6 5. Be2 {[%emt 0:01:34] A46: 1 d4 Nf6 2 Nf3 e6: Torre, London and Colle Systems} (5. Bd3 Bb7 6. Nbd2 d6 7. Qe2 Nbd7 8. Ba6 Bxa6 9. Qxa6 d5 10. a4 Qc8 11. Qxc8+ Rxc8 12. Ke2 Ne4 13. h4 Nxd2 14. Kxd2 f6 15. Bf4 Kf7 16. h5 c5 17. g4 cxd4 18. exd4 e5 19. Be3 Bd6 20. c3 exd4 {½-½ (20) Gozzoli,Y (2583)-Butkiewicz,L (2447) Roquetas de Mar 2017}) 5... Bb7 6. c4 d6 7. Nc3 Nbd7 8. Qc2 h6 9. Bh4 c6 10. O-O O-O 11. a3 $146 ({Predecessor:} 11. e4 e5 12. Rad1 Nh5 13. Bxe7 Qxe7 14. Nxe5 dxe5 15. Bxh5 exd4 16. Rxd4 {1-0 (57) Kiss,G (1857)-Uzonyi,T (1797) Hungary 2012}) 11... a5 12. e4 e5 13. dxe5 dxe5 14. Rfd1 Qc7 15. Rd2 Rfd8 16. Rad1 Nf8 17. Rxd8 Rxd8 18. Rxd8 Bxd8 19. Qd3 Ng6 20. Bg3 Nd7 21. b4 axb4 22. axb4 Bf6 23. Nd2 (23. Bf1 $11) 23... Ndf8 (23... Nf4 $15 24. Bxf4 exf4) 24. f3 Bh4 ({Black should play} 24... Nf4 $15 25. Bxf4 exf4) 25. Nb3 Ne6 26. c5 ({White should try} 26. Bxh4 $11 Nxh4 27. g3) 26... Be7 27. Qe3 (27. Na4 $1 $11 {remains equal.}) 27... bxc5 28. Nxc5 Nxc5 29. bxc5 Qa5 30. Bf2 Nf4 31. Bd1 $2 (31. Bf1 $17) 31... Qa1 $17 (31... Bg5 $19 {bietet bessere Gewinnchancen.} 32. Kh1 Nd5) 32. Qd2 Bc8 0-1